 Dungeon Crawl Stone Soup version 0.28.0-43-g3370ac3207 (webtiles) character file.

Game seed: 11702132912273385190

1072 Ablot the Grasshopper (level 8, -1/63 HPs)
             Began as a Gnoll Warper on Feb 28, 2022.
             Slain by a water moccasin (8 damage)
             ... on level 5 of the Dungeon.
             The game lasted 00:06:53 (6098 turns).

Ablot the Grasshopper (Gnoll Warper)                Turns: 6098, Time: 00:06:55

Health: -1/63      AC:  3    Str: 12    XL:     8   Next: 28%
Magic:  13/17      EV: 17    Int: 13    God:
Gold:   262        SH:  0    Dex: 12    Spells: 17/19 levels left

rFire   . . .      SeeInvis .   g - +1 dagger (venom)
rCold   . . .      Faith    .   (no shield)
rNeg    . . .      Spirit   .   b - +0 leather armour
rPois   .          Reflect  .   (no helmet)
rElec   .          Harm     .   (no cloak)
rCorr   .          Rampage  .   (no gloves)
Will    .....                   (no boots)
Stlth   ++........              (no amulet)
HPRegen 0.20/turn               v - +4 ring of evasion
MPRegen 0.15/turn               (no ring)

@: no status effects
A: fangs 1, strong nose, distributed training
a: no special abilities


You were on level 5 of the Dungeon.
You visited 1 branch of the dungeon, and saw 5 of its levels.

You collected 262 gold pieces.

Inventory:

Hand Weapons
 a - a +0 trident
 e - a +1 hand axe of flaming
 g - a +1 dagger of venom (weapon)
Missiles
 d - 5 boomerangs of dispersal
 h - 83 stones
 l - 3 throwing nets
 n - 77 arrows
 p - 2 poisoned darts
 x - 40 sling bullets
 B - a boomerang (quivered)
Armour
 b - a +0 leather armour (worn)
Jewellery
 v - a +4 ring of evasion (left hand)
Scrolls
 c - 2 scrolls of blinking
 f - 2 scrolls of teleportation {unknown}
 i - 2 scrolls of enchant armour {unknown}
 j - a scroll of holy word {unknown}
 k - 2 scrolls of magic mapping {unknown}
 q - 5 scrolls of identify {unknown}
 r - a scroll of enchant weapon {unknown}
 t - a scroll of noise {unknown}
 u - a scroll of amnesia {unknown}
 y - a scroll of vulnerability {unknown}
 E - a scroll of fog {unknown}
Potions
 m - a potion of curing {unknown}
 o - a potion of flight {unknown}
 s - a potion of berserk rage {unknown}
 w - a potion of brilliance {unknown}
 z - a potion of mutation {unknown}
 A - a potion of ambrosia {unknown}
 C - a potion of heal wounds {unknown}
 D - a potion of attraction {unknown}


   Skills:
 + Level 5.6 Fighting
 + Level 3.1 Short Blades
 + Level 3.1 Long Blades
 + Level 3.1 Axes
 + Level 3.1 Maces & Flails
 + Level 5.6 Polearms
 + Level 3.1 Staves
 + Level 3.1 Slings
 + Level 3.1 Bows
 + Level 3.1 Crossbows
 + Level 4.1 Throwing
 + Level 4.1 Armour
 + Level 5.6 Dodging
 + Level 3.1 Stealth
 + Level 3.1 Shields
 + Level 3.1 Unarmed Combat
 + Level 6.0 Spellcasting
 + Level 2.5 Conjurations
 + Level 2.5 Hexes
 + Level 2.5 Summonings
 + Level 2.5 Necromancy
 + Level 6.1 Translocations
 + Level 2.5 Transmutations
 + Level 2.5 Fire Magic
 + Level 2.5 Ice Magic
 + Level 2.5 Air Magic
 + Level 2.5 Earth Magic
 + Level 2.5 Poison Magic
 + Level 3.4 Invocations
 + Level 3.1 Evocations


You had 17 spell levels left.
You knew the following spells:

 Your Spells              Type           Power      Damage    Failure   Level
a - Blink                 Tloc           38%        N/A       2%          2

Your spell library contained the following spells:

 Spells                   Type           Power      Damage    Failure   Level
 Gell's Gravitas          Tloc           19%        N/A       5%          3
 Lesser Beckoning         Tloc           19%        N/A       5%          3
 Teleport Other           Tloc           19%        N/A       5%          3
 Foxfire                  Conj/Fire      40%        2x1d6     8%          1
 Magic Dart               Conj           40%        1d5       8%          1
 Call Imp                 Summ           10%        N/A       12%         2
 Passage of Golubria      Tloc           19%        N/A       17%         4
 Conjure Flame            Conj/Fire      10%        6-21      22%         3
 Dazzling Flash           Conj/Hex       20%        N/A       22%         3
 Inner Flame              Hex/Fire       10%        N/A       22%         3
 Mephitic Cloud           Conj/Pois/Air  10%        N/A       22%         3
 Tukima's Dance           Hex            10%        N/A       22%         3
 Manifold Assault         Tloc           19%        N/A       43%         5
 Flame Wave               Conj/Fire      10%        2d5       58%         4
 Agony                    Necr           10%        N/A       91%         5
 Silence                  Hex/Air        5%         N/A       91%         5
 Yara's Violent Unravell  Hex/Tmut       5%         3d4       91%         5
 Dispersal                Tloc           9%         N/A       95%         6


Dungeon Overview and Level Annotations

Branches:
Dungeon (5/15)
 Temple: D:4-7

Altars:


Innate Abilities, Weirdness & Mutations

You have very sharp teeth.
Your uncanny sense of smell can sniff out nearby items.
Your experience applies equally to all skills.


Message History

You throw a boomerang.
The boomerang barely misses the ice beast.
Throw: boomerang
Press: ? - help, Q - select action, (/) - cycle Shift-Dir - straight line, f/p - ice beast
Aim: an ice beast (almost dead, 62% to hit)
You throw a boomerang. The boomerang hits the ice beast.
You kill the ice beast!
Your Spellcasting skill increases to level 6!
You feel stable enough to blink again.
The gnoll shouts!
A water moccasin comes into view.
The helpless water moccasin fails to defend itself.
You puncture the water moccasin!
The water moccasin is heavily wounded.
The water moccasin bites you.
* * * LOW HITPOINT WARNING * * *
The water moccasin barely misses you.
Unknown command.
Casting: Blink (safe; 2% risk of failure)
Confirm with . or Enter, or press ? or * to list all spells.
You blink.
Found a scroll labelled PETTON GANAGU.
You feel stable enough to blink again.
Casting: Blink (safe; 2% risk of failure)
Confirm with . or Enter, or press ? or * to list all spells.
You blink.
You miss the water moccasin.
The water moccasin is heavily wounded.
The water moccasin barely misses you.
You barely miss the water moccasin.
The water moccasin is heavily wounded.
The water moccasin completely misses you.
You barely miss the water moccasin.
The water moccasin is heavily wounded.
You feel stable enough to blink again. The water moccasin misses you.
You hit the water moccasin.
The water moccasin is poisoned.
The water moccasin is heavily wounded.
The water moccasin bites you!
You die...

.#'####.#.##....................#
.#.# #.#.######................#
.#.# #.#.. #.#############.##
##.####.######.#.######## #.#
#.............#.##.....# #.#
#######.########.##.###)# #.#
........#......#^##.# #.# #.#
.######.#.####.#.##.# #.# #.# .#
###.# #.#@##<# #.######.# )# #.#
#.#S##.# #........# .# #.#
#.#.##.# ########## Y# #.#
#.#.##.# .# #g# #.#?##.#
.########.# #.#.##.# ...g.....!#
#...##.# ########### ######.#


You could see a water moccasin (very poisoned).

Vanquished Creatures
  A black bear (D:5)
  An ice beast (D:5)
  A necrophage (D:5)
  2 ogres
  A centaur (D:4)
  2 phantoms (D:5)
  A scorpion (D:4)
  2 bullfrog zombies (D:5)
  An orc priest (D:5)
  Jessica (D:2)
  2 iguanas (D:5)
  A hound skeleton (D:5)
  7 gnolls
  3 adders
  An ufetubus (D:5)
  A worm (D:3)
  A dart slug (D:1)
  6 orcs
  11 endoplasms
  2 giant cockroaches (D:1)
  8 goblins
  3 hobgoblins
  4 jackals (D:2)
  4 kobolds
  2 quokkas
  5 ball pythons
  3 bats
  A frilled lizard (D:1)
  3 rats
81 creatures vanquished.

Notes
Turn   | Place    | Note
-------+----------+-------------------------------------------
     0 | D:1      | Ablot the Gnoll Warper began the quest for the Orb.
     0 | D:1      | Reached XP level 1. HP: 20/20 MP: 6/6
   147 | D:1      | Reached XP level 2. HP: 26/26 MP: 7/7
   644 | D:1      | Reached XP level 3. HP: 31/31 MP: 9/9
   662 | D:1      | Reached skill level 5 in Spellcasting
   733 | D:1      | Reached skill level 1 in Invocations
  1426 | D:2      | Reached skill level 1 in Short Blades
  1426 | D:2      | Reached skill level 1 in Long Blades
  1426 | D:2      | Reached skill level 1 in Axes
  1426 | D:2      | Reached skill level 1 in Maces & Flails
  1426 | D:2      | Reached skill level 1 in Staves
  1426 | D:2      | Reached skill level 1 in Slings
  1426 | D:2      | Reached skill level 1 in Bows
  1426 | D:2      | Reached skill level 1 in Crossbows
  1426 | D:2      | Reached skill level 1 in Stealth
  1426 | D:2      | Reached skill level 1 in Shields
  1426 | D:2      | Reached skill level 1 in Unarmed Combat
  1426 | D:2      | Reached skill level 1 in Evocations
  1679 | D:2      | Reached XP level 4. HP: 38/38 MP: 11/11
  1998 | D:2      | Found a faded altar of an unknown god.
  2183 | D:2      | Noticed Jessica
  2189 | D:2      | Killed Jessica
  2190 | D:2      | Reached skill level 1 in Conjurations
  2190 | D:2      | Reached skill level 1 in Hexes
  2190 | D:2      | Reached skill level 1 in Summonings
  2190 | D:2      | Reached skill level 1 in Necromancy
  2190 | D:2      | Reached skill level 1 in Transmutations
  2190 | D:2      | Reached skill level 1 in Fire Magic
  2190 | D:2      | Reached skill level 1 in Ice Magic
  2190 | D:2      | Reached skill level 1 in Air Magic
  2190 | D:2      | Reached skill level 1 in Earth Magic
  2190 | D:2      | Reached skill level 1 in Poison Magic
  2940 | D:4      | Reached XP level 5. HP: 36/43 MP: 12/12
  3036 | D:4      | Noticed a centaur
  3048 | D:4      | Killed a centaur
  3590 | D:3      | Reached XP level 6. HP: 22/50 MP: 13/13
  4042 | D:4      | Reached skill level 5 in Fighting
  4042 | D:4      | Reached skill level 5 in Polearms
  4042 | D:4      | Reached skill level 5 in Dodging
  4341 | D:5      | Entered Level 5 of the Dungeon
  4686 | D:5      | Reached XP level 7. HP: 24/56 MP: 15/15
  5405 | D:5      | Reached XP level 8. HP: 58/63 MP: 16/16
  6003 | D:5      | Learned a level 2 spell: Blink
  6060 | D:5      | HP: 1/63 [ice beast (10)]
  6098 | D:5      | Slain by a water moccasin

Illustrated notes

Levels and vault maps discovered:
D:1:      lightli_molten_gateway, layout_basic
D:2:      layout_basic, hellmonk_ecumenical_altar_dog_temple,
          grunt_decor_arrowhead, chequers_serial_rivers_small_b,
          chequers_garden, uniq_jessica
D:3:      layout_rooms, eino_tiny_chamber
D:4:      layout_loops_ring
D:5:      layout_basic

Skill      XL: |  1  2  3  4  5  6  7  8 |
---------------+-------------------------+-----
Spellcasting   | 5 6 |  6.0
Invocations    | 1 2 3 |  3.4
Short Blades   | 1 2 3 |  3.1
Long Blades    | 1 2 3 |  3.1
Axes           | 1 2 3 |  3.1
Maces & Flails | 1 2 3 |  3.1
Staves         | 1 2 3 |  3.1
Slings         | 1 2 3 |  3.1
Bows           | 1 2 3 |  3.1
Crossbows      | 1 2 3 |  3.1
Stealth        | 1 2 3 |  3.1
Shields        | 1 2 3 |  3.1
Unarmed Combat | 1 2 3 |  3.1
Evocations     | 1 2 3 |  3.1
Conjurations   | 1 2 |  2.5
Hexes          | 1 2 |  2.5
Summonings     | 1 2 |  2.5
Necromancy     | 1 2 |  2.5
Transmutations | 1 2 |  2.5
Fire Magic     | 1 2 |  2.5
Ice Magic      | 1 2 |  2.5
Air Magic      | 1 2 |  2.5
Earth Magic    | 1 2 |  2.5
Poison Magic   | 1 2 |  2.5
Throwing       | 3 4 |  4.1
Armour         | 3 4 |  4.1
Fighting       | 5 |  5.6
Polearms       | 5 |  5.6
Dodging        | 5 |  5.6
Translocations | 6 |  6.1

Action                   |  1- 3 |  4- 6 |  7- 9 || total
-------------------------+-------+-------+-------++-------
Melee: Spear             |    45 |    24 |       ||    69
       Bite              |     7 |    13 |    13 ||    33
       Dagger            |    39 |   144 |    72 ||   255
       Punch             |     1 |     5 |     2 ||     8
       Trident           |       |       |    34 ||    34
Throw: Dart              |       |     2 |       ||     2
       Boomerang         |       |     3 |    21 ||    24
 Cast: Blink             |       |       |     4 ||     4
 Stab: Sleeping          |     3 |       |     1 ||     4
       Distracted        |       |       |     1 ||     1
Armor: Leather armour    |     7 |    32 |     7 ||    46
Dodge: Dodged            |    31 |   138 |    85 ||   254
